 Dungeon Crawl Stone Soup version 0.22.1-1-ga44c0e5 (webtiles) character file.

9231 Harpaggios the Covert (level 11, -8/58 HPs)
             Began as a Vine Stalker Enchanter on Oct 20, 2018.
             Was an Elder of Dithmenos.
             Killed by the air
             ... invoked by Gastronok
              (20 damage)
             ... on level 1 of the Lair of Beasts on Oct 21, 2018.
             The game lasted 01:09:01 (10946 turns).

Harpaggios the Covert (Vine Stalker Enchanter)     Turns: 10946, Time: 01:09:02

Health: -8/58      AC:  5    Str: 14    XL:     11   Next: 43%
Magic:  0/21       EV: 16    Int: 15    God:    Dithmenos [****..]
Gold:   569        SH:  2    Dex: 17    Spells: 15/22 levels left

rFire    . . .     SeeInvis +   s - +3 dagger (drain)
rCold    . . .     Gourm    .   (no shield)
rNeg     . . .     Faith    .   n - +1 robe {MR+}
rPois    .         Spirit   +   (no helmet)
rElec    .         Reflect  +   (no cloak)
rCorr    +         Harm     .   (no gloves)
MR       ++...                  (no boots)
Stlth    +++++++...             l - +2 amulet of reflection
HPRegen  0.59/turn              p - ring of see invisible (curse)
MPRegen  0.17/turn              r - ring of resist corrosion

@: wreathed by umbra
A: fangs 3, icy blue scales 1, mutation resistance 1, regeneration 1, strong 1,
magic shield, antimagic bite, no potion heal 3, rot immunity
a: Shadow Step, Renounce Religion


You were on level 1 of the Lair of Beasts.
You worshipped Dithmenos.
Dithmenos was greatly pleased with you.
You were not hungry.

You visited 3 branches of the dungeon, and saw 12 of its levels.

You collected 569 gold pieces.

Inventory:

Hand Weapons
 s - a +3 dagger of draining (weapon)
 w - a +1 short sword of venom
Armour
 i - the +5 chain mail of the Gate {rC- Str+5}
   (You found it on level 5 of the Dungeon)

   It affects your strength (+5).
   It makes you vulnerable to cold.
 n - a +1 robe of magic resistance (worn)
Jewellery
 c - an uncursed amulet of magic regeneration
 l - a +2 amulet of reflection (around neck)
 p - a cursed ring of see invisible (left hand)
 r - a ring of resist corrosion (right hand)
Wands
 a - a wand of paralysis (9)
 k - a wand of flame (24)
 o - a wand of polymorph (15)
 x - a wand of disintegration (16)
Scrolls
 b - a scroll of fear
 e - 7 scrolls of remove curse
 g - 2 scrolls of amnesia
 h - 5 scrolls of identify
 m - 6 scrolls of enchant armour
 t - a scroll of teleportation
 u - a scroll of enchant weapon
Potions
 f - a potion of haste
 j - a potion of curing
 q - 2 potions of magic
Comestibles
 d - 6 rations
 v - 5 chunks of flesh


   Skills:
 - Level 7.0 Fighting
 + Level 8.4 Short Blades
 - Level 6.2 Dodging
 - Level 10.0 Stealth
 - Level 6.2 Spellcasting
 - Level 6.2 Hexes


You had 15 spell levels left.
You knew the following spells:

 Your Spells              Type           Power        Failure   Level  Hunger
a - Corona                Hex            ###....      1%          1    None
b - Confuse               Hex            ###.....     3%          3    ##.....
c - Tukima's Dance        Hex            ###.....     3%          3    ##.....

Your spell library contained the following spells:

 Spells                   Type           Power        Failure   Level  Hunger
 Ensorcelled Hibernation  Hex/Ice        ##....       6%          2    #......
 Dazzling Spray           Conj/Hex       ##....       12%         3    ##.....


Dungeon Overview and Level Annotations

Branches:
Dungeon (10/15)            Temple (1/1) D:5            Lair (1/6) D:9
    Orc (0/2) D:9

Altars:
Ashenzari
Cheibriados
Dithmenos
Elyvilon
Fedhas
Gozag
Hepliaklqana
Kikubaaqudgha
Makhleb
Nemelex Xobeh
Okawaru
Qazlal
Ru
Sif Muna
Trog
Uskayaw
Vehumet
Wu Jian
Xom
Yredelemnul
Zin
The Shining One

Shops:
D:4 *

Annotations:
D:5 exclusion: sky beast
Lair:1 Gastronok


Innate Abilities, Weirdness & Mutations

You have razor-sharp teeth.
Your natural rate of healing is unusually fast.
When hurt, damage is shared between your health and your magic reserves.
Your bite disrupts and absorbs the magic of your enemies.
Potions cannot restore your health.
You are immune to rotting.
You are partially covered in icy blue scales. (AC +2)
You are somewhat resistant to further mutation.
Your muscles are strong. (Str +2)


Message History

Okay, then.
Casting: Confuse (safe; 3% risk of failure)
Confirm with . or Enter, or press ? or * to list all spells.
You don't have enough magic to cast that spell.
Casting: Confuse (safe; 3% risk of failure)
Confirm with . or Enter, or press ? or * to list all spells.
You don't have enough magic to cast that spell.
Okay, then.
As you read the scroll of fear, it crumbles to dust.
You assume a fearsome visage.
Gastronok resists with almost no effort.
Okay, then.
Evoke which item? (* to show all) (? for menu, Esc to quit)
Aiming: Paralyse
Press: ? - help, Shift-Dir - straight line, f/p - Gastronok
Aim: Gastronok, wearing a glowing hat (black smoke, umbra, chance to defeat MR: Gastronok resists with almost no effort.
Gastronok waves his eye-stalks in wide circles.
The air twists around and strikes you!
You die...

#P........
#.........
##.........
#..........
#..........
#..........
##§§.......
#§w§.......
#@#........
###...$....
#.....###
#P..#..#
#####..# ..


You could see Gastronok.

Vanquished Creatures
  A two-headed ogre (D:10)
  Pikel (D:8)
  A centaur zombie (D:10)
  Maurice (D:8)
  A hippogriff (D:7)
  9 yaks
  A hungry ghost (D:7)
  3 wargs (D:9)
  A water moccasin (D:10)
  A porcupine (Lair:1)
  2 orc warriors
  5 sky beasts
  4 slaves (D:8)
  4 ice beasts
  2 phantoms
  7 ogres
  2 centaurs
  A crocodile (D:8)
  10 bullfrogs
  A big kobold (D:7)
  5 scorpions
  11 killer bees
  6 wights
  2 howler monkeys
  2 crimson imps
  2 bullfrog zombies (D:5)
  3 hounds
  3 jellies
  6 orc priests
  8 orc wizards
  A centaur skeleton (D:7)
  3 bullfrog skeletons
  3 iguanas
  8 worker ants
  2 hound zombies
  6 gnolls
  A howler monkey skeleton (D:4)
  11 adders
  2 shadow imps
  2 adder skeletons (D:6)
  3 worms
  4 dart slugs
  32 orcs
  7 giant cockroaches
  3 goblins
  3 hobgoblins
  4 jackals
  12 kobolds
  6 quokkas
  2 ball pythons
  6 bats
  4 frilled lizards
  A quokka skeleton (D:4)
  4 rats
236 creatures vanquished.

Vanquished Creatures (collateral kills)
  A wight (D:10)
  A bullfrog skeleton (D:9)
2 creatures vanquished.

Vanquished Creatures (others)
  2 dancing weapons (D:10)
  A rat (D:2)
3 creatures vanquished.

Grand Total: 241 creatures vanquished

Notes
Turn   | Place    | Note
-------+----------+-------------------------------------------
     0 | D:1      | Harpaggios the Vine Stalker Enchanter began the quest for
                  | the Orb.
     0 | D:1      | Reached XP level 1. HP: 9/9 MP: 4/4
    32 | D:1      | Reached skill level 1 in Short Blades
   240 | D:1      | Found a shattered altar of Ashenzari.
   329 | D:1      | Reached XP level 2. HP: 11/13 MP: 6/6
  1150 | D:2      | Reached XP level 3. HP: 16/16 MP: 7/7
  2279 | D:2      | Gained mutation: Your natural rate of healing is unusually
                  | fast. [Vine Stalker growth]
  2279 | D:2      | Reached XP level 4. HP: 21/21 MP: 6/8
  2697 | D:3      | Found a faded altar of an unknown god.
  3122 | D:4      | Reached XP level 5. HP: 8/24 MP: 6/9
  3192 | D:4      | Learned a level 3 spell: Confuse
  3230 | D:4      | Found Equs's General Store.
  3317 | D:4      | Reached XP level 6. HP: 22/28 MP: 8/10
  3911 | D:5      | Entered Level 5 of the Dungeon
  4052 | D:5      | Reached skill level 5 in Short Blades
  4052 | D:5      | Reached XP level 7. HP: 25/32 MP: 9/11
  4137 | D:5      | Found a staircase to the Ecumenical Temple.
  4161 | Temple   | Entered the Ecumenical Temple
  4283 | Temple   | Became a worshipper of Dithmenos the Shadowed
  4648 | D:5      | Got an encrusted chain mail
  4649 | D:5      | Identified the +5 chain mail of the Gate {rC- Str+5} (You
                  | found it on level 5 of the Dungeon)
  4717 | D:5      | Found a deep blue altar of Sif Muna.
  4980 | D:6      | Reached skill level 5 in Dodging
  4980 | D:6      | Gained mutation: You have razor-sharp teeth. [Vine Stalker
                  | growth]
  4980 | D:6      | Reached XP level 8. HP: 21/36 MP: 12/12
  5061 | D:6      | Found a basalt altar of Yredelemnul.
  5127 | D:6      | Reached skill level 5 in Hexes
  6133 | D:7      | Learned a level 3 spell: Tukima's Dance
  6273 | D:7      | Reached skill level 1 in Fighting
  6312 | D:7      | Reached XP level 9. HP: 41/42 MP: 13/13
  6430 | D:7      | Reached * piety under Dithmenos
  6478 | D:7      | Reached skill level 4 in Stealth
  6534 | D:7      | Reached skill level 5 in Stealth
  6790 | D:7      | Reached skill level 6 in Stealth
  6921 | D:7      | Reached skill level 5 in Fighting
  7364 | D:8      | Reached skill level 7 in Stealth
  7682 | D:8      | Noticed Pikel
  7765 | D:8      | Killed Pikel
  7765 | D:8      | Reached skill level 8 in Stealth
  7765 | D:8      | Reached XP level 10. HP: 40/53 MP: 9/14
  7971 | D:8      | Noticed a two-headed ogre
  7972 | D:8      | Noticed Maurice
  7994 | D:8      | Killed Maurice
  7994 | D:8      | Reached skill level 9 in Stealth
  8100 | D:8      | Reached ** piety under Dithmenos
  8747 | D:9      | Reached skill level 5 in Spellcasting
  8757 | D:9      | Found a staircase to the Lair.
  9250 | D:9      | Reached *** piety under Dithmenos
  9318 | D:9      | Found a staircase to the Orcish Mines.
  9600 | D:10     | Entered Level 10 of the Dungeon
  9810 | D:10     | Reached skill level 10 in Stealth
  9867 | D:10     | Noticed a two-headed ogre
  9899 | D:10     | Reached XP level 11. HP: 49/56 MP: 21/21
 10129 | D:10     | Gained mutation: You are somewhat resistant to further
                  | mutation. [potion of mutation]
 10129 | D:10     | Gained mutation: Your muscles are strong. (Str +2) [potion
                  | of mutation]
 10129 | D:10     | Gained mutation: You are partially covered in icy blue
                  | scales. (AC +2) [potion of mutation]
 10171 | D:10     | Killed a two-headed ogre
 10722 | Lair:1   | Entered Level 1 of the Lair of Beasts
 10741 | Lair:1   | Noticed Gastronok
 10769 | D:9      | Reached **** piety under Dithmenos
 10946 | Lair:1   | Killed from afar by Gastronok

Skill      XL: |  1  2  3  4  5  6  7  8  9 10 11 |
---------------+----------------------------------+-----
Short Blades   | 1 2 3 4 5 6 8 |  8.4
Dodging        | 2 3 5 6 |  6.2
Hexes          | 4 6 |  6.2
Fighting       | 2 6 7 |  7.0
Stealth        | 8 10 | 10.0
Spellcasting   | 6 |  6.2

Action                   |  1- 3 |  4- 6 |  7- 9 | 10-12 || total
-------------------------+-------+-------+-------+-------++-------
Melee: Dagger            |   137 |   196 |   482 |   507 ||  1322
       Bite              |    40 |    61 |   147 |   180 ||   428
 Cast: Corona            |    39 |    26 |    40 |    29 ||   134
       Confuse           |       |     3 |     2 |     4 ||     9
       Tukima's Dance    |       |       |     2 |    18 ||    20
Evoke: Wand              |       |       |       |     1 ||     1
  Use: Scroll            |     4 |     6 |     7 |     8 ||    25
       Potion            |       |     6 |       |     1 ||     7
 Stab: Sleeping          |     1 |     1 |     4 |     5 ||    11
       Confused          |       |     2 |     1 |     1 ||     4
  Eat: Chunk             |     5 |     7 |     8 |     8 ||    28
       Ration            |       |       |     2 |     1 ||     3
Armor: Robe              |    24 |    11 |    32 |    24 ||    91
Dodge: Dodged            |    75 |    77 |   266 |   305 ||   723
Block: Other             |     1 |     8 |    14 |    24 ||    47
       Reflection        |       |       |       |     1 ||     1
